 Dungeon Crawl Stone Soup version 0.30-b1-2-g02819fbbbe (webtiles) character file.

Game seed: 7188791035935009125

557 redmage the Frost Mage (level 7, -10/50 HPs)
             Began as a Meteoran Ice Elementalist on Aug 14, 2023.
             Was an Initiate of Cheibriados.
             Mangled by Pikel
             ... wielding a +1 whip of freezing
              (13 damage)
             ... on level 6 of the Dungeon.
             The game lasted 00:16:43 (1350 turns).

redmage the Frost Mage (Meteoran Ice Elementalist)  Turns: 1350, Time: 00:16:44

Health: -10/50     AC:  5    Str: 18    XL:     7   Next: 87%
Magic:  22/26      EV: 13    Int: 19    God:    Cheibriados [......]
Gold:   201        SH:  0    Dex: 19    Spells: 9/18 levels left

rFire   . . .        x - +3 short sword
rCold   . . .        (no shield)
rNeg    + . .        v - +1 robe {rN+}
rPois   .            p - +0 helmet
rElec   .            (no cloak)
rCorr   .            (no gloves)
SInv    .            t - +0 pair of boots
Will    +....        (no amulet)
Stlth   +            q - +6 ring of strength
HPRegen 0.28/turn    d - ring "Zucyih" {Fly Will+ MP+9 Str+2 Dex+2}
MPRegen 0.20/turn

%: no passive effects
@: mighty, flying, hasted, glowing, quick
A: sense surroundings 1, otherworldly, glowing, explore regen
a: Renounce Religion


You were on level 6 of the Dungeon.
You worshipped Cheibriados.
Cheibriados was noncommittal.
You visited 2 branches of the dungeon, and saw 8 of its levels.

You collected 201 gold pieces.

Inventory:

Hand Weapons
 x - a +3 short sword (weapon)
Missiles
 i - 5 boomerangs (quivered)
Armour
 j - a +2 scale mail of fire resistance
 p - a +0 helmet (worn)
 t - a +0 pair of boots (worn)
 v - a +1 robe of positive energy (worn)
Magical Staves
 f - a staff of death
 s - a staff of fire
Jewellery
 d - the ring "Zucyih" (right hand) {Fly Will+ MP+9 Str+2 Dex+2}
   (You found it on level 5 of the Dungeon)

   [ring of magical power]

   Str:       It affects your strength (+2).
   Dex:       It affects your dexterity (+2).
   MP:        It affects your magic capacity (+9).
   Fly:       It grants you flight.
   Will:      It increases your willpower.
 q - a +6 ring of strength (left hand)
 r - an amulet of guardian spirit
 B - a ring of protection from fire
Scrolls
 a - a scroll of noise {unknown}
 e - a scroll of magic mapping
 g - a scroll of enchant weapon {unknown}
 m - a scroll of identify {unknown}
 n - 2 scrolls of enchant armour {unknown}
 o - 2 scrolls of fear {unknown}
 y - 2 scrolls of teleportation {unknown}
Potions
 b - a potion of magic
 k - a potion of degeneration {unknown}
 l - a potion of attraction {unknown}
 u - a potion of curing {unknown}
 A - a potion of lignification


   Skills:
 - Level 2.4 Dodging
 - Level 1.4 Stealth
 + Level 6.0 Spellcasting
 * Level 8.0 Ice Magic


You had 9 spell levels left.
You knew the following spells:

 Your Spells              Type           Power      Damage    Failure   Level
a - Freeze                Ice            100%       1d10      1%          1
b - Frozen Ramparts       Ice            72%        1d11      1%          3
c - Ozocubu's Armour      Ice            36%        N/A       1%          3
d - Passwall              Tmut/Erth      4%         N/A       17%         2

Your spell library contained the following spells:

 Spells                   Type           Power      Damage    Failure   Level
 Ensorcelled Hibernation  Hex/Ice        42%        N/A       3%          2
 Summon Ice Beast         Ice/Summ       21%        N/A       22%         4
 Swiftness                Air            5%         N/A       32%         3


Dungeon Overview and Level Annotations

Branches:
Dungeon (7/15) Zot: 4404   Temple (1/1) D:5 Zot: 796

Altars:
Ashenzari
Cheibriados
Kikubaaqudgha
Makhleb
Ru

Annotations:
D:6 Pikel


Innate Abilities, Weirdness & Mutations

You passively map a small area around you.
You are easily found by Zot.
You glow in the dark.
You regain HP and MP as you explore.


Message History

Confirm with . or Enter, or press ? or * to list all spells.
Casting: Frozen Ramparts (safe; 1% risk of failure)
Press: ? - help, Dir - look around, f - activate
Okay, then.
Unknown command.
Unknown command.
Okay, then.
Unknown command.
Unknown command.
Throw: 2 throwing nets
Press: ? - help, Q - select action, (/) - cycle Shift-Dir - straight line, f - Pikel
Aim: Pikel, wielding a +1 whip of freezing and wearing a +0 robe (lightly wounded, berserk, 53% to hit)
You throw a throwing net. The throwing net closely misses Pikel.
The throwing net hits the lemure.
The lemure is caught in the net!
The lemure is heavily wounded.
Pikel hits you with a +1 whip of freezing!
* * * LOW HITPOINT WARNING * * *
Pikel freezes you.
* * * LOW HITPOINT WARNING * * *
The lemure struggles against the net.
Throw: throwing net
Press: ? - help, Q - select action, (/) - cycle Shift-Dir - straight line, f/p - Pikel
Aim: Pikel, wielding a +1 whip of freezing and wearing a +0 robe (lightly wounded, berserk, 53% to hit)
You throw a throwing net. The throwing net closely misses Pikel.
The throwing net hits the lemure.
The lemure is heavily wounded.
Pikel hits you with a +1 whip of freezing.
* * * LOW HITPOINT WARNING * * *
Pikel freezes you.
* * * LOW HITPOINT WARNING * * *
Pikel hits you but does no damage.
The lemure struggles against the net.
Unknown command.
It was a potion of might.
You feel very mighty all of a sudden. Pikel barely misses you.
The lemure struggles against the net.
It was a potion of haste.
You feel yourself speed up.
Cheibriados forgives your accidental hurry, just this once.
Pikel hits you with a +1 whip of freezing!
You die...

*#..,,,..,...,#.#.....#.#
#.******,...,#.#.....#<#
##.#* *....,#.#.....#.#
#...* *...,,#.........#
###.!.###
*,,,,,######.####
#.......###****** #.#
#.........# #.#
#......>#5#########**#.#
###.....55K@.......,,#.#
#....##5#####.#.#*,#.*
#.##.*#.# *,*,,,,..*
#,,^.,..# *,****,***
**####### *,,,,,,*
********


You could see Pikel (berserk) and 4 lemures.

Vanquished Creatures
  An orc warrior (D:5)
  An ogre (D:5)
  A jelly (D:6)
  A hound (D:5)
  An orc priest (D:4)
  2 iguanas (D:5)
  2 orc wizards (D:4)
  4 gnolls (D:4)
  8 adders
  An ufetubus (D:4)
  6 worms (D:5)
  2 dart slugs (D:4)
  13 orcs
  An endoplasm (D:4)
  A giant cockroach (D:4)
  4 hobgoblins
  A kobold (D:1)
  2 quokkas (D:4)
  5 ball pythons
  A bat (D:3)
58 creatures vanquished.

Notes
Turn   | Place    | Note
-------+----------+-------------------------------------------
     0 | D:1      | redmage the Meteoran Ice Elementalist began the quest for
                  | the Orb.
     0 | D:1      | Reached XP level 1. HP: 14/14 MP: 5/5
   184 | D:3      | Reached XP level 2. HP: 19/20 MP: 1/7
   201 | D:3      | Reached XP level 3. HP: 16/26 MP: 4/8
   268 | D:3      | Learned a level 3 spell: Frozen Ramparts
   272 | D:3      | Learned a level 3 spell: Ozocubu's Armour
   286 | D:3      | Reached skill level 5 in Ice Magic
   488 | D:2      | Reached XP level 4. HP: 33/33 MP: 6/10
   555 | D:5      | Entered Level 5 of the Dungeon
   555 | D:5      | Noticed an orc warrior
   706 | D:5      | Noticed an ogre
   758 | D:4      | Reached XP level 5. HP: 32/38 MP: 7/12
   792 | D:4      | Reached skill level 6 in Ice Magic
   844 | D:4      | Reached XP level 6. HP: 27/45 MP: 6/13
  1039 | D:5      | Reached skill level 5 in Spellcasting
  1080 | D:5      | Reached skill level 7 in Ice Magic
  1081 | D:5      | Identified the ring "Zucyih" {Fly Will+ MP+9 Str+2 Dex+2}
  1102 | D:5      | Reached XP level 7. HP: 50/50 MP: 15/15
  1188 | D:5      | Found a staircase to the Ecumenical Temple.
  1205 | Temple   | Entered the Ecumenical Temple
  1253 | Temple   | Became a worshipper of Cheibriados the Contemplative
  1264 | Temple   | Learned a level 2 spell: Passwall
  1314 | D:6      | Reached skill level 8 in Ice Magic
  1338 | D:6      | Noticed Pikel
  1350 | D:6      | Mangled by Pikel

Illustrated notes

Levels and vault maps discovered:
D:1:      amcnicky_arrival_single_pillar, layout_loops_corners,
          minmay_misc_feat_doors, wad_floor_pattern_2
D:2:      layout_loops_ring, minmay_misc_feat_encased, minmay_pentomino_x2,
          uniq_robin, uniq_sigmund
D:3:      layout_basic, gammafunk_temple_overflow_pools
D:4:      layout_loops_ring, wad_rectangle_vault
D:5:      layout_rooms, minmay_temple_entry_trees, hangedman_glass_teeth,
          nicolae_wormholes
D:6:      layout_loops_cross, serial_shops, shop, uniq_pikel
D:7:      layout_rooms
Temple:   mainiacjoe_temple_big_plus

Skill      XL: |  1  2  3  4  5  6  7 |
---------------+----------------------+-----
Spellcasting   | 3 4 5 6 |  6.0
Ice Magic      | 5 6 7 8 |  8.0
Dodging        | |  2.4
Stealth        | |  1.4

Action                     |  1- 3 |  4- 6 |  7- 9 || total
---------------------------+-------+-------+-------++-------
  Melee: Unarmed           |       |    14 |       ||    14
         Short sword       |       |    10 |     5 ||    15
  Throw: Boomerang         |       |       |    10 ||    10
         Throwing net      |       |       |     2 ||     2
   Cast: Freeze            |    21 |    11 |     4 ||    36
         Frozen Ramparts   |     1 |    14 |     7 ||    22
         Ozocubu's Armour  |       |     4 |     3 ||     7
    Use: Scroll            |       |     3 |       ||     3
         Potion            |       |       |     4 ||     4
 Armour: Robe              |     2 |    14 |     7 ||    23
  Dodge: Dodged            |     8 |    28 |    20 ||    56
